 Dungeon Crawl Stone Soup version 0.31-a0-1570-g93c622d222 (webtiles) character file.

Game seed: 6521540226366995015

674 Fodor the Chopper (level 7, -2/61 HPs)
             Began as a Minotaur Fighter on Jan 2, 2024.
             Slain by Edmund
             ... wielding a +0 dire flail of holy wrath
              (4 damage)
             ... on level 5 of the Dungeon on Jan 4, 2024.
             The game lasted 00:26:10 (4348 turns).

Fodor the Chopper (Minotaur Fighter)                Turns: 4348, Time: 00:26:12

Health: -2/61      AC:  8    Str: 21    XL:     7   Next: 33%
Magic:  6/6        EV:  9    Int:  5    God:
Gold:   286        SH:  9    Dex: 11    Spells: 6/6 levels left

rFire   . . .        a - +0 war axe
rCold   . . .        t - +0 kite shield
rNeg    . . .        b - +0 scale mail
rPois   .            (helmet restricted)
rElec   .            (no cloak)
rCorr   .            p - +0 pair of gloves
SInv    .            (no boots)
Will    .....        (no amulet) Stlth
                     (no ring)
HPRegen 0.30/turn    (no ring)
MPRegen 0.10/turn

%: no passive effects
@: no status effects
A: horns 2, retaliatory headbutt
a: no special abilities


You were on level 5 of the Dungeon.
You visited 2 branches of the dungeon, and saw 6 of its levels.
You also visited: Sewer.

You collected 286 gold pieces.

Inventory:

Hand Weapons
 a - a +0 war axe (weapon)
Armour
 b - a +0 scale mail (worn)
 p - a +0 pair of gloves (worn)
 t - a +0 kite shield (worn)
Talismans
 w - a maw talisman
Wands
 o - a wand of iceblast (5)
 C - a wand of digging (6)
Scrolls
 e - 4 scrolls of identify {unknown}
 f - 2 scrolls of revelation {unknown}
 h - 2 scrolls of vulnerability {unknown}
 i - 2 scrolls of torment {unknown}
 k - a scroll of fog {unknown}
 n - 7 scrolls of teleportation {unknown}
 r - a scroll of enchant weapon {unknown}
 v - a scroll of immolation {unknown}
 x - a scroll of blinking {unknown}
 y - a scroll of enchant armour {unknown}
 B - a scroll of amnesia {unknown}
 D - a scroll of brand weapon {unknown}
Potions
 c - a potion of curing {unknown}
 d - a potion of might
 g - 2 potions of degeneration {unknown}
 j - 2 potions of resistance {unknown}
 l - a potion of experience {unknown}
 m - 3 potions of attraction {unknown}
 q - 2 potions of enlightenment {unknown}
 s - a potion of haste {unknown}
 u - a potion of brilliance {unknown}
 z - a potion of cancellation {unknown}
 A - 2 potions of mutation {unknown}


   Skills:
 + Level 5.1 Fighting
 + Level 6.9 Axes
 + Level 5.3 Armour
 + Level 2.3 Dodging
 + Level 0.1 Stealth
 + Level 5.1 Shields


You had 6 spell levels left.
You didn't know any spells.
Your spell library was empty.

Dungeon Overview and Level Annotations

Branches:
Dungeon (5/15)             Temple (1/1) D:4           Sewer (visited)

Altars:
Ashenzari
Cheibriados
Dithmenos
Elyvilon
Hepliaklqana
Makhleb
Nemelex Xobeh
Okawaru
Qazlal
Ru
Trog
Uskayaw
Wu Jian
Xom
Zin

Annotations:
D:4 2 transporters, Azoth's ghost, amateur DEEE
D:5 Edmund


Innate Abilities, Weirdness & Mutations

You have a pair of horns on your head.
You reflexively headbutt those who attack you in melee.


Message History

You slash the two-headed ogre! You headbutt the two-headed ogre.
The two-headed ogre is moderately wounded.
You hit the orc but do no damage. You block the orc's attack.
You hit the two-headed ogre but do no damage.
Your headbutt misses the two-headed ogre.
The two-headed ogre is moderately wounded.
You slash the orc! You block the two-headed ogre's attack.
The two-headed ogre hits you with a +0 giant club!
You block the orc's attack.
You slash the two-headed ogre! You headbutt the two-headed ogre.
The two-headed ogre is heavily wounded.
You hit the orc.
You kill the orc!
The two-headed ogre barely misses you. You furiously retaliate!
You headbutt the two-headed ogre. The two-headed ogre closely misses you.
Edmund the Younger comes into view.
He is wielding a +0 dire flail of holy wrath.
Aiming: Iceblast
Press: ? - help, Q - select action Shift-Dir - straight line The mass of ice explodes!
The iceblast engulfs the two-headed ogre!
The two-headed ogre is almost dead.
The iceblast engulfs you.
You hear a shout! x3
You block the two-headed ogre's attack. x2
You barely miss the two-headed ogre.
The two-headed ogre is almost dead.
The two-headed ogre closely misses you.
The two-headed ogre hits you with a +0 giant club!!
* * * LOW HITPOINT WARNING * * *
You barely miss the two-headed ogre.
The two-headed ogre is almost dead.
The two-headed ogre barely misses you. You furiously retaliate!
You headbutt the two-headed ogre. You block the two-headed ogre's attack.
You hit the two-headed ogre but do no damage.
You headbutt the two-headed ogre.
You kill the two-headed ogre!
You hit the bombardier beetle.
Edmund hits you with a +0 dire flail of holy wrath.
You die...
Edmund says, "That'll show my brother!"

#### ###..#P##
#.....P.#
#)#...PP.#
###@##.#P.#.#
##.B@#### ##
#...).# #....##
##.<†#
#.........#
#............
......#........
..$...#........


You could see Edmund and a bombardier beetle.

Vanquished Creatures
  A two-headed ogre (D:5)
  An ogre (D:4)
  2 brain worms (Sewer)
  A scorpion (D:3)
  A howler monkey (D:5)
  A hound (D:5)
  An iguana (D:3)
  3 orc wizards (D:5)
  6 adders
  7 river rats
  4 dart slugs
  3 ribbon worms (D:4)
  9 orcs
  11 ball pythons
  7 endoplasms
  A giant cockroach (D:4)
  12 goblins
  8 hobgoblins
  3 jackals (D:1)
  4 kobolds
  2 quokkas
  9 bats
  6 frilled lizards
  18 rats
121 creatures vanquished.

Notes
Turn   | Place    | Note
-------+----------+-------------------------------------------
     0 | D:1      | Fodor the Minotaur Fighter began the quest for the Orb.
     0 | D:1      | Reached XP level 1. HP: 19/19 MP: 0/0
   150 | D:1      | Reached XP level 2. HP: 26/27 MP: 1/1
   214 | D:1      | Reached skill level 3 in Axes
   525 | D:1      | Reached XP level 3. HP: 32/33 MP: 2/2
  1093 | D:2      | Reached skill level 1 in Dodging
  1408 | D:2      | Reached XP level 4. HP: 35/40 MP: 3/3
  1518 | D:2      | Upgraded the game from 0.31-a0-1549-g5ff9445e89 to
                  | 0.31-a0-1570-g93c622d222
  2003 | D:2      | Found a sacrificial altar of Ru.
  2308 | D:3      | Reached skill level 4 in Axes
  2344 | D:3      | Noticed a scorpion
  2349 | D:3      | Killed a scorpion
  2350 | D:3      | Reached XP level 5. HP: 39/47 MP: 4/4
  2652 | D:4      | Noticed an ogre
  2669 | D:4      | Killed an ogre
  2670 | D:4      | Reached skill level 5 in Axes
  2866 | D:4      | Found a hazy altar of Hepliaklqana.
  2934 | D:4      | Found a transporter.
  3029 | D:4      | Reached XP level 6. HP: 50/53 MP: 5/5
  3129 | D:4      | Found a glowing drain.
  3138 | Sewer    | Entered a sewer
  3195 | Sewer    | Reached skill level 5 in Armour
  3259 | Sewer    | Reached skill level 6 in Axes
  3677 | D:4      | Found a transporter.
  3678 | D:4      | Noticed Azoth's ghost (amateur DEEE)
  3682 | D:4      | Found an ornate altar of the Wu Jian Council.
  3689 | D:4      | Noticed a spectral centipede
  3689 | D:4      | Noticed a spectral black mamba
  3689 | D:4      | Noticed a spectral cane toad
  3727 | D:4      | Reached XP level 7. HP: 58/60 MP: 6/6
  3730 | D:4      | Found a staircase to the Ecumenical Temple.
  3749 | Temple   | Entered the Ecumenical Temple
  4266 | D:5      | Entered Level 5 of the Dungeon
  4317 | D:5      | Reached skill level 5 in Fighting
  4332 | D:5      | Noticed a two-headed ogre
  4339 | D:5      | Reached skill level 5 in Shields
  4344 | D:5      | Noticed Edmund
  4346 | D:5      | HP: 1/61 [two-headed ogre/+0 giant club (22)]
  4348 | D:5      | Killed a two-headed ogre
  4348 | D:5      | Slain by Edmund

Illustrated notes

Levels and vault maps discovered:
D:1:      dpeg_arrival_rooms_b, layout_basic, dk_noncrumbling_3,
          minmay_stone_trees_small, minmay_misc_feat_tower, minivault_14,
          serial_bayou_pond_b
D:2:      layout_basic, basic_altar
D:3:      minmay_skewed_foursquare, layout_rooms, minmay_statues_item
D:4:      layout_basic, pdpol_wu_jian_five_deadly_venoms,
          mainiacjoe_overflow_six_doors_small, temple_hall,
          lightli_sewer_entry_pipes, gammafunk_ghost_mausoleum
D:5:      layout_cave_pools, serial_shops, nicolae_shop_stone, uniq_edmund,
          uniq_crazy_yiuf_cottage, uniq_sigmund
Temple:   compressed_dpeg_triangle_lava_temple

Skill      XL: |  1  2  3  4  5  6  7 |
---------------+----------------------+-----
Shields        | 4 5 |  5.1
Axes           | 3 4 5 6 |  6.9
Fighting       | 4 5 |  5.1
Armour         | 4 5 |  5.3
Dodging        | 1 2 |  2.3
Stealth        | |  0.1

Action                     |  1- 3 |  4- 6 |  7- 9 || total
---------------------------+-------+-------+-------++-------
  Melee: War axe           |    86 |   161 |    50 ||   297
         Headbutt          |     7 |    26 |     7 ||    40
  Evoke: Wand              |       |       |     2 ||     2
 Armour: Scale mail        |    78 |   110 |    48 ||   236
  Dodge: Dodged            |    54 |    76 |    24 ||   154
  Block: Buckler           |    30 |    16 |       ||    46
         Kite shield       |       |    55 |    28 ||    83

Table legend: (Time is in decaauts)
 A = Elapsed time spent in this place.
 B = Non-inter-level travel time spent in this place.
 C = Inter-level travel time spent in this place.
 D = Time resting spent in this place.
 E = Time spent auto-exploring this place.
 F = Levels seen in this place.
 G = Mean time per level.
                   A        B        C        D        E       F      G
               +--------+--------+--------+--------+--------+-----+--------+
         Total |   4546 |   4312 |    234 |    106 |      0 |   7 |  649.4 |
       Dungeon |   4150 |   3916 |    234 |    106 |      0 |   5 |  830.0 |
        Temple |     65 |     65 |      0 |      0 |      0 |   1 |   65.0 |
         Sewer |    330 |    330 |      0 |      0 |      0 |   1 |  330.0 |
               +--------+--------+--------+--------+--------+-----+--------+

Top non-repeatable levels by time:
     D:2: 1122 daAuts
     D:1: 1116 daAuts
     D:4: 1103 daAuts
     D:3: 713 daAuts
   Sewer: 330 daAuts
     D:5: 95 daAuts
  Temple: 65 daAuts
